 Dungeon Crawl Stone Soup version 0.28-a0-297-g99b01970c5 (webtiles) character file.

Game seed: 8536552680100883979

10075 McIrco the Protected (level 11, -5/101 HPs)
             Began as a Minotaur Fighter on Aug 29, 2021.
             Was an Initiate of Gozag.
             Engulfed by an ice statue's freezing vapour (6 damage)
             ... in an ice cave.
             The game lasted 00:22:11 (12400 turns).

McIrco the Protected (Minotaur Fighter)            Turns: 12400, Time: 00:22:12

Health: -5/101     AC: 26    Str: 27    XL:     11   Next: 31%
Magic:  10/10      EV: 10    Int:  5    God:    Gozag
Gold:   2119       SH:  0    Dex: 16    Spells: 10/10 levels left

rFire   . . .      SeeInvis .   a - +1 war axe (vamp)
rCold   . . .      Faith    .   c - +0 kite shield
rNeg    . . .      Spirit   .   k - +0 plate armour
rPois   .          Reflect  .   e - +2 hat
rElec   .          Harm     .   x - +1 cloak
rCorr   .          Rampage  .   b - +1 pair of gloves {Str+3}
Will    .....                   A - +1 pair of boots
Stlth   ..........              (no amulet)
HPRegen 0.26/turn               I - +6 ring of dexterity
MPRegen 0.12/turn               (no ring)

@: confused, ambrosia-drunk
A: horns 2, retaliatory headbutt
a: Renounce Religion, Potion Petition, Call Merchant, Bribe Branch


You were in an ice cave.
You worshipped Gozag.
Gozag was most pleased with you.
You visited 2 branches of the dungeon, and saw 12 of its levels.
You also visited: Ossuary and Ice Cave.

You collected 2163 gold pieces.
You paid 44 gold pieces to Gozag.

Inventory:

Hand Weapons
 a - a +1 vampiric war axe (weapon)
Missiles
 D - 5 throwing nets (quivered)
Armour
 b - a +1 pair of gloves of strength (worn)
 c - a +0 kite shield (worn)
 e - a +2 hat (worn)
 g - a +2 pair of gloves
 k - a +0 plate armour (worn)
 x - a +1 cloak (worn)
 A - a +1 pair of boots (worn)
Jewellery
 I - a +6 ring of dexterity (left hand)
Wands
 n - a wand of polymorph (5)
 q - a wand of digging (14)
 t - a wand of iceblast (39)
 y - a wand of mindburst (10)
 C - a wand of flame (18)
 E - a wand of acid (1)
 F - a wand of paralysis (9)
Scrolls
 f - 2 scrolls of identify
 h - 5 scrolls of teleportation
 m - a scroll of brand weapon
 o - 2 scrolls of fog
 v - 4 scrolls of fear
 H - a scroll of silence
Potions
 d - 6 potions of might
 i - 3 potions of magic
 j - 5 potions of curing
 l - 2 potions of attraction
 p - 3 potions of lignification
 r - 2 potions of haste
 s - 4 potions of berserk rage
 u - a potion of flight
 B - a potion of ambrosia
 J - a potion of brilliance


   Skills:
 + Level 10.5 Fighting
 - Level 2.4 Axes
 * Level 14.0 Armour
 + Level 5.2 Dodging
 + Level 11.5 Shields


You had 10 spell levels left.
You didn't know any spells.
Your spell library contained the following spells:

 Spells                   Type           Power      Damage    Failure   Level
 Corona                   Hex            0%         N/A       99%         1
 Sandblast                Erth           0%         2d4       99%         1
 Ensorcelled Hibernation  Hex/Ice        0%         N/A       100%        2
 Passwall                 Tmut/Erth      0%         N/A       100%        2
 Conjure Flame            Conj/Fire      0%         6-21      100%        3
 Ignite Poison            Fire/Tmut/Pois 0%         N/A       100%        3
 Spider Form              Tmut/Pois      0%         N/A       100%        3
 Tukima's Dance           Hex            0%         N/A       100%        3
 Fulminant Prism          Conj/Hex       0%         3d6       100%        4
 Iskenderun's Mystic Bla  Conj/Tloc      0%         2d3       100%        4
 Passage of Golubria      Tloc           N/A        N/A       100%        4
 Sticky Flame             Conj/Fire      0%         2d3       100%        4
 Lee's Rapid Deconstruct  Erth           0%         3d5*      100%        5
 Yara's Violent Unravell  Hex/Tmut       0%         3d3       100%        5
 Shadow Creatures         Summ           N/A        N/A       100%        6


Dungeon Overview and Level Annotations

Branches:
Dungeon (11/15)            Temple (1/1) D:4            Lair (0/6) D:10
Ossuary (visited)           IceCv (1/1)
    Orc: D:9-12

Altars:
Ashenzari
Cheibriados
Dithmenos
Elyvilon
Fedhas
Gozag
Hepliaklqana
Kikubaaqudgha
Makhleb
Nemelex Xobeh
Okawaru
Qazlal
Ru
Sif Muna
Trog
Uskayaw
Vehumet
Wu Jian
Xom
Yredelemnul
Zin
The Shining One

Shops:
D:10 [

Annotations:
D:2 1 runed translucent door, Crazy Yiuf
D:10 3 runed translucent doors, Conn's ghost, journeyman OpFE IceCv exclusion: 2 ice statues


Innate Abilities, Weirdness & Mutations

You have a pair of horns on your head.
You reflexively headbutt those who attack you in melee.


Message History

The ice statue is almost destroyed.
You hit the ice beast but do no damage. The ice statue gestures at you.
The bolt of cold hits you!!
* * * LOW HITPOINT WARNING * * *
The ice beast hits you but does no damage.
The ice statue gestures at you. The freezing blast engulfs you.
* * * LOW HITPOINT WARNING * * *
The ice beast hits you but does no damage.
The ice beast barely misses you.
Unknown command.
Unknown command.
Okay, then.
Unknown command.
Okay, then.
You feel much better.
You are engulfed in freezing vapours.
The ice statue gestures at you. The freezing blast misses you.
The ice beast hits you.
* * * LOW HITPOINT WARNING * * *
The ice beast freezes you!
* * * LOW HITPOINT WARNING * * *
The ice beast hits you but does no damage.
You block the ice beast's attack.
Unknown command.
Unknown command.
Unknown command.
You are engulfed in freezing vapours.
* * * LOW HITPOINT WARNING * * *
The ice statue gestures at you.
The freezing blast engulfs you but does no damage.
You block the ice beast's attack. x2
Unknown command.
Okay, then.
Unknown command.
Okay, then.
You are confused.
You feel invigorated.
You are engulfed in freezing vapours.
You die...
Your body crumbles into a pile of gold.

#### #### ####.#.##
#..## #### #8......##
....#####..####.......#
......##....##........#
∩.∩.......#...........#
.........###.°.°.§...##
....##..## ###○YY☼☼..#
#..###### ##Y@§...#
#### #8○○○☼..#
##.§☼☼.## #....##
##..## #... ##... ..##


You could see 2 ice statues and 3 ice beasts.

Vanquished Creatures
  Harold (D:8)
  A two-headed ogre (D:11)
  Pikel (D:8)
  7 centaur zombies
  A gargoyle (D:10)
  Psyche (D:8)
  An ice devil (IceCv)
  A wyvern (D:8)
  A vampire (D:11)
  11 yaks
  A basilisk (D:7)
  A steam dragon (D:9)
  An acid dragon (D:10)
  A water moccasin (D:9)
  2 sky beasts
  5 orc warriors
  An ice beast (D:7)
  A necrophage (D:4)
  2 ogres (D:4)
  3 centaurs
  3 elf zombies (Ossuary)
  4 lemures (D:8)
  A kobold brigand (D:9)
  2 gnoll sergeants (D:10)
  3 bullfrogs
  3 scorpions
  6 killer bees (D:8)
  4 wights (D:8)
  An elephant simulacrum (IceCv)
  3 howler monkeys
  A centaur skeleton (D:6)
  8 orc priests
  2 hounds
  3 human zombies (Ossuary)
  A bullfrog skeleton (D:6)
  An iguana (D:4)
  12 orc wizards
  A killer bee zombie (D:6)
  A polar bear simulacrum (IceCv)
  3 troll simulacra (IceCv)
  3 spriggan simulacra (IceCv)
  2 mummies (Ossuary)
  2 howler monkey zombies
  7 gnolls
  11 adders
  A naga simulacrum (IceCv)
  13 white imps
  2 ufetubi
  An adder skeleton (D:4)
  2 worms
  7 dart slugs
  43 orcs
  8 ball pythons
  10 bats
  12 endoplasms
  5 giant cockroaches
  11 goblins
  6 hobgoblins
  9 jackals
  2 frilled lizards (D:1)
  A goblin zombie (Ossuary)
  12 hobgoblin zombies (Ossuary)
  4 jackal zombies (Ossuary)
  11 kobolds
  9 kobold zombies (Ossuary)
  4 orc zombies (Ossuary)
  8 rats
313 creatures vanquished.

Vanquished Creatures (others)
  An orc wizard (D:9)
  A white imp (IceCv)
  An ufetubus (IceCv)
  An orc (D:9)
  5 fungi (D:10)
  14 plants (D:10)
23 creatures vanquished.

Grand Total: 336 creatures vanquished

Notes
Turn   | Place    | Note
-------+----------+-------------------------------------------
     0 | D:1      | McIrco the Minotaur Fighter began the quest for the Orb.
     0 | D:1      | Reached XP level 1. HP: 19/19 MP: 0/0
   173 | D:1      | Reached XP level 2. HP: 27/27 MP: 1/1
   205 | D:1      | Reached skill level 4 in Armour
   420 | D:1      | Found a faded altar of an unknown god.
   593 | D:2      | Reached XP level 3. HP: 33/33 MP: 2/2
   948 | D:2      | Reached XP level 4. HP: 36/41 MP: 3/3
  1143 | D:2      | Found a runed translucent door.
  1144 | D:2      | Noticed Crazy Yiuf
  1615 | D:3      | Reached skill level 5 in Armour
  1615 | D:3      | Reached skill level 1 in Dodging
  1902 | D:3      | Reached XP level 5. HP: 42/47 MP: 4/4
  2355 | D:3      | Reached skill level 5 in Shields
  2362 | D:3      | Reached XP level 6. HP: 52/55 MP: 5/5
  2366 | D:3      | Reached skill level 6 in Armour
  2538 | D:3      | Reached skill level 5 in Fighting
  3189 | D:4      | Found a staircase to the Ecumenical Temple.
  3203 | Temple   | Entered the Ecumenical Temple
  3561 | Temple   | Became a worshipper of Gozag Ym Sagoz the Greedy
  3689 | D:4      | Reached skill level 7 in Armour
  3689 | D:4      | Reached XP level 7. HP: 50/61 MP: 6/6
  4522 | D:5      | Entered Level 5 of the Dungeon
  4567 | D:5      | Found an ornate altar of the Wu Jian Council.
  4588 | D:5      | Noticed an angel
  4589 | D:5      | Found a glowing silver altar of Zin.
  4654 | D:5      | Reached skill level 8 in Armour
  4671 | D:5      | Found an iron altar of Okawaru.
  4678 | D:5      | Found a sand-covered staircase.
  4802 | Ossuary  | Entered an ossuary
  5027 | Ossuary  | Reached XP level 8. HP: 54/70 MP: 7/7
  5700 | D:6      | Found a shadowy altar of Dithmenos.
  5809 | D:6      | Reached skill level 9 in Armour
  6182 | D:6      | Reached XP level 9. HP: 55/79 MP: 8/8
  7026 | D:7      | Noticed Maggie
  7041 | D:7      | Noticed Maggie
  7041 | D:7      | Maggie changed into Maggie the basilisk
  7069 | D:7      | Killed Maggie the basilisk
  7293 | D:7      | Reached skill level 10 in Armour
  7858 | D:8      | Noticed Psyche
  7870 | D:8      | Killed Psyche
  7889 | D:8      | Noticed Pikel
  8008 | D:8      | Killed Pikel
  8009 | D:8      | Reached skill level 11 in Armour
  8246 | D:8      | Found a stormy altar of Qazlal.
  8589 | D:8      | Noticed Harold
  8612 | D:8      | Killed Harold
  8613 | D:8      | Reached XP level 10. HP: 65/91 MP: 9/9
  8944 | D:9      | Reached skill level 12 in Armour
  8978 | D:9      | Found a shimmering blue altar of Sif Muna.
  9155 | D:9      | Reached skill level 10 in Shields
  9186 | D:9      | Reached skill level 5 in Dodging
  9668 | D:10     | Entered Level 10 of the Dungeon
  9668 | D:10     | Noticed a gargoyle
  9670 | D:10     | Found a runed translucent gate.
  9670 | D:10     | Found a runed translucent gate.
  9670 | D:10     | Found a runed translucent gate.
  9671 | D:10     | Noticed Conn's ghost (journeyman OpFE)
  9688 | D:10     | Killed a gargoyle
  9943 | D:10     | Reached skill level 10 in Fighting
  9962 | D:10     | Reached skill level 13 in Armour
 10039 | D:10     | Found Ovamp's Armour Shoppe.
 10124 | D:10     | Reached XP level 11. HP: 94/99 MP: 10/10
 10347 | D:10     | Found a staircase to the Lair.
 10544 | D:10     | Noticed a phantasmal warrior
 10545 | D:10     | Noticed a death knight
 11037 | D:11     | Identified a scroll of acquirement
 11038 | D:11     | Acquired a +1 pair of gloves of strength
 11053 | D:11     | Found a frozen archway.
 11054 | D:11     | Noticed a two-headed ogre
 11067 | D:11     | Killed a two-headed ogre
 11349 | IceCv    | Entered an ice cave
 11676 | IceCv    | Reached skill level 14 in Armour
 12399 | IceCv    | HP: 1/101 [ice statue] (16)]
 12400 | IceCv    | Engulfed by an ice statue's freezing vapour

Illustrated notes

Levels and vault maps discovered:
D:1:      psy_arrival_dodecagon, layout_rooms, chequers_ecumenical_altar_twisty
D:2:      layout_basic, glass_columns_c, minmay_increasing_density,
          uniq_crazy_yiuf_cottage
D:3:      minmay_chambers_of_threes, layout_basic
D:4:      kennysheep_big_flooded_room, layout_loops_ring,
          minmay_temple_entry_crystal_x
D:5:      layout_cave_pools, lemuel_doored_altar,
          mainiacjoe_overflow_six_doors_small, zin_angel,
          nicolae_ossuary_entry_ruins
D:6:      layout_basic, grunt_dithmenos_smoke, minmay_crossroads
D:7:      layout_basic, skrybe_limestone_x, uniq_maggie
D:8:      layout_rooms, old_standard_altar, uniq_pikel, uniq_harold, uniq_psyche
D:9:      layout_roguey, nicolae_sif_muna_little_library,
          hangedman_abyss_or_decor_stagger
D:10:     layout_irregular_city, grunt_lair_entry_orc_guard_hut,
          ebering_ghost_rock_garden, serial_shops, shop_statue,
          minmay_diced_spiral
D:11:     layout_loops_cross, portal_ice_cave_entry_imps
Temple:   eino_temple_rhombus
IceCv:    ice_cave_small_demon

Skill      XL: |  1  2  3  4  5  6  7  8  9 10 11 |
---------------+----------------------------------+-----
Armour         | 4 5 7 8 9 11 13 14 | 14.0
Fighting       | 4 5 6 7 9 10 | 10.5
Shields        | 4 5 6 8 9 11 | 11.5
Dodging        | 1 2 3 4 5 |  5.2
Axes           | |  2.4

Action                   |  1- 3 |  4- 6 |  7- 9 | 10-12 || total
-------------------------+-------+-------+-------+-------++-------
Melee: War axe           |    91 |   162 |   464 |   387 ||  1104
       Headbutt          |    14 |    28 |    95 |   125 ||   262
Evoke: Wand              |       |       |     5 |     6 ||    11
  Use: Scroll            |       |       |    17 |     7 ||    24
       Potion            |       |       |     2 |     3 ||     5
 Stab: Distracted        |       |       |       |     1 ||     1
Armor: Scale mail        |    64 |    85 |   171 |       ||   320
       Plate armour      |       |       |   141 |   374 ||   515
Dodge: Dodged            |    26 |    59 |   159 |   169 ||   413
Block: Kite shield       |    46 |    82 |   271 |   314 ||   713

Table legend: (Time is in decaauts)
 A = Elapsed time spent in this place.
 B = Non-inter-level travel time spent in this place.
 C = Inter-level travel time spent in this place.
 D = Time resting spent in this place.
 E = Time spent auto-exploring this place.
 F = Levels seen in this place.
 G = Mean time per level.
                   A        B        C        D        E       F      G
               +--------+--------+--------+--------+--------+-----+--------+
         Total |  12981 |  12537 |    444 |   1815 |   7793 |  14 |  927.2 |
       Dungeon |  10974 |  10579 |    395 |    953 |   7184 |  11 |  997.6 |
        Temple |    375 |    326 |     49 |    152 |    157 |   1 |  375.0 |
       Ossuary |    539 |    539 |      0 |     17 |    249 |   1 |  539.0 |
      Ice Cave |   1092 |   1092 |      0 |    693 |    203 |   1 | 1092.0 |
               +--------+--------+--------+--------+--------+-----+--------+

Top non-repeatable levels by time:
     D:3: 1599 daAuts
     D:9: 1208 daAuts
     D:8: 1166 daAuts
     D:7: 1130 daAuts
     D:4: 1108 daAuts
     D:6: 1102 daAuts
   IceCv: 1092 daAuts
     D:2: 1053 daAuts
    D:10: 1011 daAuts
     D:5: 699 daAuts
     D:1: 557 daAuts
 Ossuary: 539 daAuts
  Temple: 375 daAuts
    D:11: 335 daAuts
